 Dungeon Crawl Stone Soup version 0.20.0-8-g6b59dc7 (webtiles) character file.

8429 greprep the Fighter (level 11, -14/101 HPs)
             Began as a Minotaur Fighter on May 30, 2017.
             Was a Priest of Qazlal.
             Hit by a large rock thrown by a cyclops (39 damage)
             ... on level 10 of the Dungeon.
             The game lasted 00:18:29 (8532 turns).

greprep the Fighter (Minotaur Fighter)              Turns: 8532, Time: 00:18:30

Health: -14/101    AC: 12    Str: 22    XL:     11   Next: 9%
Magic:  10/10      EV:  9    Int:  5    God:    Qazlal [***...]
Gold:   518        SH: 16    Dex: 14    Spells: 10/10 levels left

rFire    . . .     SeeInvis .   B - +7 rapier of False Accusations {pierce, rElec MR- Dex+2}
rCold    + . .     Gourm    +   c - +0 shield
rNeg     . . .     Faith    .   z - +1 chain mail {rC+}
rPois    +         Spirit   .   (helmet restricted)
rElec    +         Reflect  .   (no cloak)
rCorr    .         Harm     .   (no gloves)
MR       .....                  (no boots)
Stlth    ..........             M - amulet of the gourmand
Regen    0.3/turn               q - ring of poison resistance
MPRegen  0.2/turn               N - +3 ring of slaying

@: no status effects
A: retaliatory headbutt, horns 2
a: Upheaval, Elemental Force, Renounce Religion


You were on level 10 of the Dungeon.
You worshipped Qazlal.
Qazlal was most pleased with you.
You were not hungry.

You visited 1 branch of the dungeon, and saw 10 of its levels.

You collected 518 gold pieces.

Inventory:

Hand Weapons
 A - a +2 falchion of holy wrath
 B - the +7 rapier of False Accusations (weapon) {pierce, rElec MR- Dex+2}
   (You found it on level 6 of the Dungeon)

   It inflicts extra damage upon your enemies.
   It affects your dexterity (+2).
   It insulates you from electricity.
   It affects your resistance to hostile enchantments.
Armour
 c - a +0 shield (worn)
 z - a +1 chain mail of cold resistance (worn)
Jewellery
 q - a ring of poison resistance (left hand)
 u - an uncursed amulet of guardian spirit
 v - a +1 ring of slaying
 x - an uncursed ring of flight
 M - an amulet of the gourmand (around neck)
 N - a +3 ring of slaying (right hand)
Wands
 a - a wand of flame (22/48)
 k - a wand of flame (17/48)
 p - a wand of random effects (39/48)
 r - a wand of acid (10/15)
 y - a wand of confusion (30/48)
 K - a wand of lightning (5/15)
Scrolls
 b - a scroll of torment {unknown}
 e - 6 scrolls of teleportation
 h - a scroll of blinking
 n - 4 scrolls of magic mapping
 o - 3 scrolls of enchant weapon
 t - 2 scrolls of enchant armour
 w - 5 scrolls of remove curse
 I - a scroll of recharging {unknown}
 J - a scroll of vulnerability {unknown}
Potions
 d - 2 potions of might
 g - 12 potions of curing
 l - 4 potions of heal wounds
 m - 3 potions of lignification
 s - a potion of berserk rage {unknown}
 C - 2 potions of resistance {unknown}
 E - 2 potions of brilliance {unknown}
 F - a potion of degeneration {unknown}
 G - a potion of ambrosia {unknown}
 L - a potion of cancellation {unknown}
Books
 H - a book of Maledictions

   Spells                             Type                      Level
   a - Corona                         Hexes                        1
   b - Ensorcelled Hibernation        Hexes/Ice                    2
   c - Confuse                        Hexes                        3
   d - Tukima's Dance                 Hexes                        3
   e - Dazzling Spray                 Conjuration/Hexes            3
Comestibles
 f - 7 bread rations
 i - 9 meat rations
 j - 11 fruits


   Skills:
 * Level 10.9 Fighting
 + Level 7.0(9.1) Short Blades
 + Level 9.6(10.7) Long Blades
 + Level 9.2 Armour
 + Level 4.2 Dodging
 - Level 0.1 Stealth
 + Level 9.5 Shields


You had 10 spell levels left.
You didn't know any spells.

Dungeon Overview and Level Annotations

Branches:
Dungeon (10/15)            Temple (0/1) D:7
   Lair: D:8-11         Orc: D:9-12

Altars:
Ashenzari
Dithmenos
Hepliaklqana
Makhleb
Qazlal
Ru
Uskayaw
Vehumet
Xom
Zin

Annotations:
D:9 2 transporters, exclusion: obsidian statue


Innate Abilities, Weirdness & Mutations

You reflexively headbutt those who attack you in melee.
You have a pair of horns on your head.


Message History

You puncture the orc!
You kill the orc!
Qazlal accepts your kill.
The cyclops throws a large rock.
The large rock hits you! Something hits you. The cyclops hits you!!
Things that are here:
a club; a leather armour; an orc corpse You are too injured to fight recklessly!
You are too injured to fight recklessly!
Unknown command.
You block something's attack.
You see here a large rock.
A magic dart appears from out of thin air!
The magic dart hits you!
The cyclops throws a large rock.
The large rock hits you!
* * * LOW HITPOINT WARNING * * *
You see here a large rock.
The cyclops throws a large rock.
You block the large rock.
The cyclops throws a large rock.
The large rock hits you!!!
You die...

#.#.#.>.....###.###.#
##.#........## #.# .#
#.††......### #.# .
#.........# #.# # #.........#
#.# ..##......# #.#
...######.# #.# #
#...#####.######.########.###
..#.....).##....@#...).....)#
########†.#....§...(§)C......
# #..................... #
#................(.... .#
#...................... .#
....#................... ##
#.........................
#.....#................<..
#.....##..................


You could see a cyclops.

Vanquished Creatures
  2 two-headed ogres
  Pikel (D:5)
  A gargoyle (D:10)
  Grinder (D:5)
  A hippogriff (D:10)
  A hornet (D:10)
  A human (D:7)
  A yak (D:7)
  A wyvern (D:6)
  3 hogs (D:7)
  3 hungry ghosts
  Eustachio (D:4)
  Menkaure (D:4)
  The ghost of Mlkhall the Digger, an amateur OpEE (D:3)
  Edmund (D:4)
  3 water moccasins
  4 sky beasts
  An orc warrior (D:9)
  A black bear (D:7)
  An ice beast (D:5)
  A necrophage (D:6)
  An eye of draining (D:8)
  8 ogres
  3 centaurs
  5 bullfrogs
  A wyvern skeleton (D:6)
  3 scorpions
  5 wights (D:6)
  3 crimson imps (D:6)
  A jelly (D:9)
  9 orc wizards
  2 quasits
  5 orc priests
  6 hounds
  Ijyb (D:4)
  Natasha (thrice) (D:4)
  3 iguanas
  6 worker ants
  A statue (D:6)
  A hound zombie (D:8)
  2 hound skeletons
  A worker ant zombie (D:7)
  4 gnolls (D:3)
  9 adders
  2 shadow imps
  An ooze (D:1)
  An adder zombie (D:6)
  An adder skeleton (D:8)
  5 worms
  4 dart slugs
  4 leopard geckos
  28 orcs
  5 bats
  4 giant cockroaches
  6 goblins
  6 hobgoblins
  6 jackals
  3 quokkas
  14 frilled lizards
  7 kobolds
  5 rats
216 creatures vanquished.

Vanquished Creatures (others)
  A hound (D:5)
1 creature vanquished.

Grand Total: 217 creatures vanquished

Notes
Turn   | Place    | Note
-------+----------+-------------------------------------------
     0 | D:1      | greprep the Minotaur Fighter began the quest for the Orb.
     0 | D:1      | Reached XP level 1. HP: 19/19 MP: 0/0
   114 | D:1      | Reached XP level 2. HP: 27/27 MP: 1/1
   389 | D:1      | Reached skill level 4 in Fighting
   550 | D:2      | Reached XP level 3. HP: 30/33 MP: 2/2
   649 | D:2      | Found a hazy altar of Hepliaklqana.
   650 | D:2      | Found a shimmering altar of Xom.
   650 | D:2      | Noticed a yak
   651 | D:2      | Noticed a spectral ugly thing
   651 | D:2      | Noticed a yak
  1044 | D:3      | Reached XP level 4. HP: 15/41 MP: 3/3
  1265 | D:3      | Reached skill level 1 in Dodging
  1408 | D:3      | Noticed Mlkhall's ghost (amateur OpEE)
  1417 | D:3      | Killed Mlkhall's ghost
  1417 | D:3      | Reached skill level 5 in Fighting
  1417 | D:3      | Reached XP level 5. HP: 40/48 MP: 4/4
  2234 | D:4      | Found a stormy altar of Qazlal.
  2246 | D:4      | Became a worshipper of Qazlal Stormbringer
  2252 | D:4      | Noticed Ijyb
  2258 | D:4      | Killed Ijyb
  2258 | D:4      | Reached XP level 6. HP: 50/56 MP: 5/5
  2362 | D:4      | Noticed Eustachio
  2375 | D:4      | Killed Eustachio
  2375 | D:4      | Reached skill level 5 in Long Blades
  2375 | D:4      | Reached skill level 5 in Armour
  2375 | D:4      | Reached skill level 5 in Shields
  2624 | D:4      | Noticed Edmund
  2625 | D:4      | Noticed Menkaure
  2926 | D:4      | Killed Edmund
  2926 | D:4      | Reached XP level 7. HP: 61/61 MP: 6/6
  2951 | D:4      | Killed Menkaure
  3522 | D:4      | Noticed Natasha
  3529 | D:4      | Killed Natasha
  3535 | D:4      | Noticed Natasha
  3545 | D:4      | Killed Natasha
  3592 | D:4      | Noticed Natasha
  3597 | D:4      | Killed Natasha
  3597 | D:4      | Reached skill level 6 in Fighting
  3609 | D:5      | Entered Level 5 of the Dungeon
  3796 | D:5      | Reached XP level 8. HP: 57/71 MP: 4/7
  3911 | D:5      | Noticed Pikel
  3915 | D:5      | Killed Pikel
  3915 | D:5      | Reached skill level 7 in Fighting
  3922 | D:5      | Noticed Grinder
  3933 | D:5      | Killed Grinder
  4630 | D:6      | Reached skill level 8 in Fighting
  4759 | D:6      | Reached XP level 9. HP: 75/81 MP: 8/8
  4886 | D:6      | Reached * piety under Qazlal
  5201 | D:6      | Found a radiant altar of Vehumet.
  5283 | D:6      | Got a smoking rapier
  5287 | D:6      | Identified the +7 rapier of False Accusations {pierce, rElec MR- Dex+2} (You found it on level 6 of the Dungeon)
  5293 | D:6      | Found a burning altar of Makhleb.
  5552 | D:7      | Found a staircase to the Ecumenical Temple.
  5629 | D:7      | Reached skill level 9 in Fighting
  5650 | D:7      | Reached skill level 1 in Short Blades
  5721 | D:7      | Found a shattered altar of Ashenzari.
  5789 | D:7      | Found a sacrificial altar of Ru.
  5789 | D:7      | Found a hide-covered altar of Uskayaw.
  5998 | D:7      | Reached XP level 10. HP: 63/91 MP: 5/9
  6003 | D:7      | Reached ** piety under Qazlal
  6442 | D:8      | Noticed a two-headed ogre
  6448 | D:8      | Killed a two-headed ogre
  6933 | D:8      | Reached skill level 10 in Fighting
  7273 | D:9      | Noticed a deep elf archer
  7274 | D:9      | Found a transporter.
  7274 | D:9      | Found a transporter.
  7274 | D:9      | Noticed a deep elf mage
  7274 | D:9      | Noticed an obsidian statue
  7276 | D:9      | Noticed a brown ugly thing
  7279 | D:9      | Noticed a centaur warrior
  7447 | D:9      | Found a glowing silver altar of Zin.
  7595 | D:9      | Reached skill level 5 in Short Blades
  7604 | D:9      | Reached *** piety under Qazlal
  7767 | D:9      | Noticed a two-headed ogre
  7772 | D:9      | Killed a two-headed ogre
  8105 | D:10     | Entered Level 10 of the Dungeon
  8200 | D:10     | Reached XP level 11. HP: 92/101 MP: 7/10
  8431 | D:10     | Found a shadowy altar of Dithmenos.
  8532 | D:10     | Hit by a large rock thrown by a cyclops

Skill      XL: |  1  2  3  4  5  6  7  8  9 10 11 |
---------------+----------------------------------+-----
Fighting       | 4 5 6 8 9 10 | 10.9
Shields        | 4 5 6 8 9 |  9.5
Armour         | 4 5 6 8 9 |  9.2
Long Blades    | 3 4 5 6 8 9 |  9.6
Dodging        | 1 2 3 4 |  4.2
Short Blades   | 2 6 7 |  7.0
Stealth        | |  0.1

Action                   |  1- 3 |  4- 6 |  7- 9 | 10-12 || total
-------------------------+-------+-------+-------+-------++-------
Melee: Long sword        |    87 |    92 |   147 |       ||   326
       Headbutt          |    18 |    20 |    65 |    39 ||   142
       Falchion          |       |       |    68 |       ||    68
       Rapier            |       |       |    54 |   203 ||   257
  Use: Scroll            |       |    10 |     1 |     2 ||    13
  Eat: Chunk             |       |     4 |     3 |       ||     7
       Royal jelly       |       |     1 |     1 |     6 ||     8
       Fruit             |       |       |     1 |       ||     1
       Bread ration      |       |       |     1 |       ||     1
Armor: Scale mail        |    23 |    33 |    20 |       ||    76
       Chain mail        |       |       |    74 |    44 ||   118
Dodge: Dodged            |    25 |    29 |    63 |    27 ||   144
Block: Shield            |    30 |    42 |   132 |   117 ||   321
       Rpst.: Long sword |     4 |     6 |     5 |       ||    15
       Falchion          |       |       |     6 |       ||     6
